 Dungeon Crawl Stone Soup version 0.28-a0-1339-ga5422284a4 (webtiles) character file.

Game seed: 4142707777837536287

37857 oldriver the Eclecticist (level 13, -14/61 HPs)
             Began as a Felid Summoner on Dec 28, 2021.
             Was a Follower of Jiyva.
             Shot with an arrow by a centaur warrior (27 damage)
             ... on level 14 of the Dungeon.
             The game lasted 02:26:44 (42802 turns).

oldriver the Eclecticist (Felid Summoner)          Turns: 42802, Time: 02:26:44

Health: -14/61     AC:  3    Str:  8    XL:     13   Next: 60%
Magic:  36/36      EV: 20    Int: 23    God:    Jiyva [*.....]
Gold:   313        SH:  0    Dex: 20    Spells: 12/48 levels left
                                        Lives:  0   Deaths: 3

rFire   + + .      SeeInvis +     - Unarmed
rCold   + + .      Faith    .   (shield unavailable)
rNeg    . . .      Spirit   .   (armour unavailable)
rPois   .          Reflect  .   (helmet unavailable)
rElec   .          Harm     .   (cloak unavailable)
rCorr   .          Rampage  .   (gloves unavailable)
Will    ++...                   (boots unavailable)
Stlth   +++.......              e - amulet of the acrobat
HPRegen 1.00/turn               x - ring "Goevez" {Wiz rF+ Will+ Str+4 Dex-2}
MPRegen 0.50/turn               r - ring of Sofipre {rF+ rC+ Dex+4}

@: studying 2 skills, quick
A: very small, claws 1, fangs 3, see invisible, speed 1, shaggy fur 3, stealthy
paws, no weapons or thrown items, no armour, multi-lived
a: Renounce Religion


You were on level 14 of the Dungeon.
You worshipped Jiyva.
Jiyva was aware of your devotion.
You visited 5 branches of the dungeon, and saw 24 of its levels.
You also visited: Gauntlet.

You collected 9153 gold pieces.
You spent 5638 gold pieces at shops.
You paid 3202 gold pieces to Gozag.

Inventory:

Jewellery
 e - an amulet of the acrobat (around neck)
 o - the ring "Athafoeq" {Will+ Int+3 Dex+6}
   (You found it in a Gauntlet)

   [ring of dexterity]

   Int:       It affects your intelligence (+3).
   Dex:       It affects your dexterity (+6).
   Will:      It increases your willpower.
 q - the ring of Vuuno {Ice Fly rN+ Will+ Dex+2}
   (You found it in a Gauntlet)

   [ring of ice]

   It enhances your ice magic.
   Dex:       It affects your dexterity (+2).
   rF:        It makes you vulnerable to fire.
   rC:        It protects you from cold.
   rN:        It protects you from negative energy.
   Fly:       It grants you flight.
   Will:      It increases your willpower.
 r - the ring of Sofipre (right paw) {rF+ rC+ Dex+4}
   (You bought it in a shop on level 2 of the Orcish Mines)

   [ring of protection from cold]

   Dex:       It affects your dexterity (+4).
   rF:        It protects you from fire.
   rC:        It protects you from cold.
 v - a ring of protection from fire
 x - the ring "Goevez" (left paw) {Wiz rF+ Will+ Str+4 Dex-2}
   (You found it on level 13 of the Dungeon)

   [ring of wizardry]

   It improves your spell success rate.
   Str:       It affects your strength (+4).
   Dex:       It affects your dexterity (-2).
   rF:        It protects you from fire.
   Will:      It increases your willpower.
 A - the ring of Dunaheuh {rPois Will+ SInv}
   (You found it on level 13 of the Dungeon)

   [ring of poison resistance]

   rPois:     It protects you from poison.
   SInv:      It lets you see invisible.
   Will:      It increases your willpower.
 B - a +6 ring of dexterity
 C - the ring of Putobonn {rN++ Will+}
   (You took it off a centaur warrior on level 13 of the Dungeon)

   [ring of willpower]

   rN:        It greatly protects you from negative energy.
   Will:      It increases your willpower.
 D - a ring of wizardry
 G - a ring of resist corrosion
Wands
 d - a wand of iceblast (4)
 g - a wand of paralysis (8)
 h - a wand of acid (19)
 s - a wand of flame (35)
 u - a wand of charming (12)
Scrolls
 a - 3 scrolls of teleportation
 b - 3 scrolls of noise
 j - a scroll of summoning
 n - 3 scrolls of enchant weapon {unknown}
 t - 7 scrolls of fog
 w - a scroll of identify
 y - 4 scrolls of amnesia
 J - a scroll of magic mapping
Potions
 c - a potion of attraction
 f - 2 potions of mutation
 i - 5 potions of lignification
 k - 3 potions of cancellation
 l - 2 potions of brilliance
 m - 3 potions of haste
 p - 2 potions of flight
 z - a potion of curing
 E - a potion of heal wounds
 H - 3 potions of magic


   Skills:
 * Level 9.8 Fighting
 + Level 4.6 Dodging
 + Level 5.0 Stealth
 * Level 1.1 Unarmed Combat
 - Level 18.0 Spellcasting
 - Level 6.3 Hexes
 - Level 8.2 Summonings
 * Level 4.7 Translocations
 * Level 8.2 Transmutations
 + Level 13.3 Air Magic


You had 12 spell levels left.
You knew the following spells:

 Your Spells              Type           Power      Damage    Failure   Level
a - Summon Small Mammal   Summ           100%       N/A       1%          1
b - Call Imp              Summ           56%        N/A       1%          2
c - Call Canine Familiar  Summ           56%        N/A       1%          3
d - Summon Guardian Gole  Hex/Summ       53%        N/A       1%          3
e - Summon Lightning Spi  Summ/Air       63%        N/A       1%          4
f - Swiftness             Air            70%        N/A       1%          3
g - Passwall              Tmut/Erth      32%        N/A       1%          2
h - Blink                 Tloc           84%        N/A       1%          2
i - Storm Form            Tmut/Air       31%        N/A       11%         7
j - Manifold Assault      Tloc           42%        N/A       4%          5
l - Airstrike             Air            35%        N/A       1%          4

Your spell library contained the following spells:

 Spells                   Type           Power      Damage    Failure   Level
 Animate Skeleton         Necr           40%        N/A       1%          1
 Apportation              Tloc           84%        N/A       1%          1
 Foxfire                  Conj/Fire      80%        2x1d8     1%          1
 Pain                     Necr           80%        1d8       1%          1
 Sublimation of Blood     Necr           20%        N/A       1%          2
 Dazzling Flash           Conj/Hex       70%        N/A       1%          3
 Inner Flame              Hex/Fire       35%        N/A       1%          3
 Lesser Beckoning         Tloc           42%        N/A       1%          3
 Ice Form                 Ice/Tmut       39%        N/A       1%          4
 Summon Ice Beast         Ice/Summ       39%        N/A       1%          4
 Blade Hands              Tmut           28%        N/A       1%          5
 Silence                  Hex/Air        30%        N/A       1%          5
 Leda's Liquefaction      Hex/Erth       17%        N/A       2%          4
 Conjure Flame            Conj/Fire      20%        6-21      3%          3
 Frozen Ramparts          Ice            40%        1d6       3%          3
 Ozocubu's Armour         Ice            20%        N/A       3%          3
 Vampiric Draining        Necr           20%        2d7       3%          3
 Iskenderun's Mystic Bla  Conj/Tloc      31%        2d8       4%          4
 Freezing Cloud           Conj/Ice/Air   20%        6-21      4%          5
 Metabolic Englaciation   Hex/Ice        17%        N/A       8%          5
 Dispel Undead            Necr           20%        3d11      10%         4
 Flame Wave               Conj/Fire      20%        2d6       10%         4
 Agony                    Necr           20%        N/A       26%         5
 Lee's Rapid Deconstruct  Erth           10%        3d9*      26%         5
 Statue Form              Tmut/Erth      26%        N/A       26%         6
 Dragon Form              Tmut           28%        N/A       26%         7
 Simulacrum               Ice/Necr       10%        N/A       80%         6
 Starburst                Conj/Fire      10%        6d5       80%         6
 Orb of Destruction       Conj           10%        9d5       100%        7
 Portal Projectile        Hex/Tloc       Unusable   N/A       N/A         3
 Excruciating Wounds      Necr           Unusable   N/A       N/A         5

Dungeon Overview and Level Annotations

Branches:
Dungeon (14/15)            Temple (1/1) D:4            Lair (6/6) D:9
 Shoals (0/4) Lair:3       Spider (1/4) Lair:2        Slime (0/5) Lair:6
    Orc (2/2) D:11            Elf (0/3) Orc:2        Vaults (0/5) D:13
Gauntlet (visited)

Altars:
Cheibriados
Dithmenos
Elyvilon
Gozag
Hepliaklqana
Kikubaaqudgha
Nemelex Xobeh
Okawaru
Qazlal
Ru
Trog
Vehumet
Wu Jian
Xom
Yredelemnul
Beogh
Jiyva
Lugonu

Shops:
D:3 [   D:7 (   D:8 :[   D:9 (([   D:10 (::(**   D:11 *   D:13 [   Orc:2 :*[*(
Lair:6 :

Portals:
Abyss: Lair:1 Lair:6
Trove: D:11 (show slimy rune of Zot)

Annotations:
D:11 1 runed translucent door, McGhostyFace's ghost, journeyman GnWz
Lair:1 2 transporters, Jamaujis's ghost, journeyman DsGl
Orc:1 3 runed translucent doors, Pooter's ghost, novice MiBe


Innate Abilities, Weirdness & Mutations

You have sharp claws.
You have razor-sharp teeth.
You have supernaturally acute eyesight. (SInv)
You cover ground quickly. (Speed+)
Your thick and shaggy fur keeps you warm. (AC +3, rC+)
Your paws help you pounce on unaware monsters.
You are incapable of wielding weapons or throwing items.
You cannot wear armour.
You gain extra lives every three experience levels.


Message History

There is a stone staircase leading up here.
You fly upwards.
Your summoned ally is left behind.
Level annotation: 2 transporters, Jamaujis's ghost, journeyman DsGl Magic restored.
There is a stone staircase leading down here.
There is a staircase back to the Dungeon here.
You fly upwards.
Welcome back to the Dungeon!
There is a staircase to the Lair here.
(D) Dungeon (T) Temple (L) Lair (A) Shoals (N) Spider Nest (M) Slime Pits (O) Orcish Mines (E) Elven Halls (V) Vaults
Where to? (Enter - D:15, ? - help)
You see here a +0 flail.
There is a stone staircase leading down here.
You fly downwards.
There is a stone staircase leading up here.
There is a stone staircase leading down here.
Your transformation is almost over.
You fly downwards.
Level annotation: 1 runed translucent door, McGhostyFace's ghost, journeyman GnWz
There is a stone staircase leading up here.
Your transformation has ended.
There is a stone staircase leading down here.
You climb downwards.
There is a stone staircase leading up here.
There is a stone staircase leading down here.
You climb downwards.
There is a stone staircase leading up here.
Things that are here:
9 arrows; a +0 shortbow
There is a stone staircase leading down here.
You climb downwards.
The centaur warrior shoots an arrow.
The arrow completely misses you.
The centaur warrior shoots an arrow.
The arrow hits you!
The centaur warrior shoots an arrow.
The arrow hits you!
The centaur warrior shoots an arrow.
The arrow hits you!
* * * LOW HITPOINT WARNING * * *
The centaur warrior shoots an arrow.
The arrow barely misses you.
There is a stone staircase leading up, spattered with blood here.
The centaur warrior shoots an arrow.
The arrow hits you!!
You die...

#######
#.....#
#.@...#
#.....#
#.....#
#.....#
#.....#
#.....#
#..cc##
$
#....#
#($..#


You could see 2 centaur warriors.

Vanquished Creatures
  An orc warlord (Orc:2)
  Josephine (D:11)
  The ghost of dolemite99 the Fighter, a journeyman VSBe of Trog (Lair:2)
  A boulder beetle (Lair:2)
  2 centaur warriors (D:13)
  2 hydras (D:13)
  3 two-headed ogres
  2 thrashing horrors (Lair:6)
  4 orc high priests (Orc:2)
  An orb spider (Spider:1)
  A deep elf pyromancer (D:12)
  6 orc sorcerers
  A wolf spider (Spider:1)
  2 cyclopes
  A moth of wrath (Spider:1)
  An ugly thing (D:13)
  A kobold demonologist (D:13)
  2 cane toads
  An ancient zyme (Lair:6)
  2 trolls
  A queen bee (shapeshifter) (Lair:6)
  4 blink frogs
  A tarantella (Spider:1)
  2 jumping spiders (Spider:1)
  2 small abominations
  A wraith (D:13)
  A wyvern (Lair:5)
  A large abomination (Lair:6)
  A spriggan (Lair:6)
  A culicivora (Spider:1)
  3 yaks (D:12)
  A basilisk (Lair:5)
  A fire bat (Gauntlet)
  5 vampire mosquitoes
  4 redbacks
  An acid dragon (D:12)
  A warg (Orc:2)
  5 orc warriors
  A black bear (Lair:5)
  2 wolves
  2 ogres (Orc:1)
  2 centaurs (D:13)
  2 bullfrogs
  2 howler monkeys (D:11)
  5 orc priests
  5 orc wizards
  4 orcs
97 creatures vanquished.

Vanquished Creatures (collateral kills)
  Kirke (D:12)
  Snorg (D:11)
  4 vault guards (D:13)
  Fannar (D:10)
  A hydra (D:13)
  A boulder beetle (D:12)
  2 centaur warriors (D:13)
  3 death yaks (Lair:3)
  2 thrashing horrors (Lair:6)
  Nergalle (D:12)
  2 fire crabs
  Urug (D:10)
  Sonja (Orc:1)
  A steelbarb worm (Spider:1)
  2 orc sorcerers (Orc:2)
  2 deep elf pyromancers
  3 ugly things
  4 cyclopes (D:13)
  4 merfolk sirens (Lair:3)
  8 elephants
  2 black mambas
  3 smoke demons (Lair:6)
  A centaur zombie (D:11)
  12 cane toads
  A rime drake (Lair:6)
  11 komodo dragons
  A demonic crawler (Spider:1)
  An ancient zyme (Lair:5)
  5 trolls
  A polar bear (Lair:6)
  A meliai (shapeshifter) (D:13)
  3 tarantellas (Spider:1)
  2 slime creatures
  15 blink frogs (Lair:6)
  A culicivora (Spider:1)
  A jumping spider (Spider:1)
  A wyvern (Lair:6)
  A ynoxinul (Lair:6)
  6 wraiths
  23 yaks
  4 basilisks
  A hog (D:12)
  A steam dragon (D:7)
  A redback (Spider:1)
  8 small abominations (Lair:6)
  15 orc warriors
  8 water moccasins
  2 black bears
  2 sky beasts
  6 ogres
  A necrophage (D:6)
  4 centaurs
  8 wolves
  A phantom (D:6)
  2 kobold brigands
  6 bullfrogs
  2 scorpions
  9 killer bees
  3 howler monkeys
  A jelly (D:7)
  7 orc priests
  3 hounds
  A bullfrog skeleton (D:6)
  A centaur skeleton (D:7)
  2 iguanas
  13 orc wizards
  A hound skeleton (D:5)
  3 adders
  14 gnolls
  A shadow imp (D:6)
  A white imp (D:6)
  2 worms
  A dart slug (D:1)
  34 orcs
  2 endoplasms (D:2)
  5 giant cockroaches
  7 goblins
  4 hobgoblins
  3 jackals
  4 quokkas
  6 ball pythons
  5 bats
  2 frilled lizards
  8 kobolds
  5 rats
  A spectral orc (D:6)
358 creatures vanquished.

Vanquished Creatures (others)
  4 vault guards (D:13)
  4 hydras
  A death yak (Lair:3)
  A glowing orange brain (Lair:1)
  An orb spider (Spider:1)
  2 orc knights
  2 cyclopes
  A wolf spider (shapeshifter) (Lair:6)
  An ugly thing (D:13)
  2 black mambas
  10 elephants
  5 cane toads
  2 komodo dragons
  An ancient zyme (Lair:6)
  A meliai (Spider:1)
  A hornet (Lair:3)
  2 blink frogs (Lair:6)
  A spriggan (Lair:6)
  A shadow (D:10)
  13 yaks
  4 humans (D:12)
  A vampire mosquito (D:8)
  A warg (Orc:1)
  3 water moccasins (Lair:6)
  3 small abominations (Lair:6)
  2 orc warriors (Orc:2)
  An ogre (Orc:2)
  A bullfrog (D:8)
  A gnoll sergeant (D:8)
  7 killer bees
  31 jellies
  An orc wizard (D:7)
  2 gnolls (D:8)
  A dart slug (D:12)
  An orc (D:7)
  84 fungi
  80 plants
  A withered plant (Gauntlet)
281 creatures vanquished.

Grand Total: 736 creatures vanquished

Notes
Turn   | Place    | Note
-------+----------+-------------------------------------------
     0 | D:1      | oldriver the Felid Summoner began the quest for the Orb.
     0 | D:1      | Reached XP level 1. HP: 7/7 MP: 4/4
   279 | D:1      | Reached XP level 2. HP: 11/11 MP: 1/6
   389 | D:1      | Found a faded altar of an unknown god.
  1352 | D:2      | Reached XP level 3. HP: 15/15 MP: 5/7
  1355 | D:2      | Learned a level 2 spell: Call Imp
  2106 | D:2      | Found a stormy altar of Qazlal.
  2312 | D:3      | Reached skill level 3 in Spellcasting
  2441 | D:2      | Learned a level 3 spell: Call Canine Familiar
  2447 | D:3      | Identified the +3 mace "Oneuc" {flame, rElec Str-3 Int+4
                  | Stlth+}
  2594 | D:3      | Reached XP level 4. HP: 18/18 MP: 4/9
  2838 | D:3      | Found Huolant's Antique Armour Emporium.
  2846 | D:3      | Reached skill level 1 in Fighting
  3118 | D:3      | Reached skill level 4 in Spellcasting
  3118 | D:3      | Reached XP level 5. HP: 22/22 MP: 4/12
  3552 | D:4      | Noticed a yak
  3557 | D:4      | Noticed a yak
  3558 | D:4      | Noticed a yak
  3581 | D:4      | Found a staircase to the Ecumenical Temple.
  3619 | Temple   | Entered the Ecumenical Temple
  3625 | Temple   | Became a worshipper of Gozag Ym Sagoz the Greedy
  3656 | D:4      | You fall into a shaft and drop 1 floor!
  3656 | D:5      | Entered Level 5 of the Dungeon
  3819 | D:4      | Reached skill level 5 in Summonings
  3894 | D:4      | Noticed a yak
  4208 | D:5      | Noticed an unseen horror
  4255 | D:5      | Noticed an ogre
  4271 | D:5      | Killed an ogre
  4272 | D:5      | Gained mutation: You are covered in thick fur. (AC +2)
                  | [Felid growth]
  4272 | D:5      | Reached XP level 6. HP: 26/26 MP: 2/13
  4589 | D:5      | Reached skill level 5 in Spellcasting
  4670 | D:5      | Slain by an unseen horror
  4671 | D:5      | Reached XP level 5. HP: 0/22 MP: 13/13
  4772 | D:6      | Noticed a black bear
  4789 | D:6      | Killed a black bear
  4790 | D:6      | Reached XP level 6. HP: 27/27 MP: 5/14
  5260 | D:6      | Noticed an orc warrior
  5628 | D:5      | Noticed a yak
  5649 | D:5      | Learned a level 4 spell: Summon Lightning Spire
  5653 | D:5      | Learned a level 3 spell: Swiftness
  5662 | D:5      | Noticed a yak
  5662 | D:5      | Noticed a yak
  5662 | D:5      | Noticed a yak
  5662 | D:5      | Noticed a yak
  6442 | D:6      | Reached XP level 7. HP: 26/30 MP: 10/16
  6710 | D:6      | Found a basalt altar of Yredelemnul.
  6828 | D:6      | Reached skill level 6 in Spellcasting
  7362 | D:6      | Reached skill level 1 in Air Magic
  7733 | D:6      | Reached skill level 7 in Spellcasting
  7789 | D:6      | Reached XP level 8. HP: 34/34 MP: 10/19
  8732 | D:7      | Noticed a two-headed ogre
  9509 | D:6      | Learned a level 3 spell: Summon Guardian Golem
  9550 | D:7      | Found Desavo's Firing Range.
  9810 | D:7      | Reached skill level 8 in Spellcasting
 11012 | D:8      | Reached XP level 9. HP: 39/39 MP: 7/22
 11260 | D:8      | Learned a level 2 spell: Passwall
 11270 | D:8      | Reached skill level 9 in Spellcasting
 11479 | D:8      | Found Eloch's Antique Armour Boutique.
 11744 | D:8      | Bought a book of Spatial Translocations for 390 gold pieces
 11750 | D:8      | Learned a level 2 spell: Blink
 11837 | D:9      | Noticed a cyclops
 11863 | D:9      | Found a staircase to the Lair.
 11922 | D:9      | Found Veplem's Antique Armour Emporium.
 12539 | D:9      | Found Rucatz's Weapon Shop.
 12574 | D:9      | Found Ridyeray's Antique Weapon Emporium.
 12751 | D:9      | Killed a cyclops
 13070 | Lair:1   | Entered Level 1 of the Lair of Beasts
 13144 | Lair:1   | Noticed a komodo dragon
 13162 | Lair:1   | Killed a komodo dragon
 13286 | Lair:1   | Noticed a cane toad
 13307 | Lair:1   | Killed a cane toad
 13308 | Lair:1   | Reached skill level 5 in Fighting
 13308 | Lair:1   | Reached skill level 10 in Spellcasting
 13308 | Lair:1   | Reached XP level 10. HP: 44/44 MP: 18/25
 13494 | Lair:1   | Found a transporter.
 13513 | Lair:1   | Noticed a cane toad
 13545 | Lair:1   | Noticed a cane toad
 13555 | Lair:1   | Killed a cane toad
 13573 | Lair:1   | Killed a cane toad
 13696 | Lair:1   | Found a shimmering altar of Xom.
 13843 | Lair:1   | Noticed a smoke demon
 13866 | Lair:1   | Reached skill level 11 in Spellcasting
 14078 | Lair:1   | Found a transporter.
 14080 | Lair:1   | Noticed a glowing orange brain
 14194 | Lair:1   | Noticed a hell hog
 14196 | Lair:1   | Noticed Jamaujis's ghost (journeyman DsGl)
 14198 | Lair:1   | Found a one-way gate to the infinite horrors of the Abyss.
 14433 | Lair:1   | Identified a scroll of acquirement
 14434 | Lair:1   | Acquired 999 gold pieces
 14501 | D:8      | Bought Oryrhag's Catalogue of Floating Necromancy for 660
                  | gold pieces
 14506 | D:8      | Learned a level 4 spell: Airstrike
 14566 | Lair:2   | Noticed a black mamba
 14680 | Lair:2   | Noticed dolemite99's ghost (journeyman VSBe)
 14692 | Lair:2   | Found a runed translucent door.
 14693 | Lair:2   | Noticed a black mamba
 14761 | Lair:2   | Killed a black mamba
 14829 | Lair:2   | Noticed a cane toad
 14847 | Lair:2   | Killed a cane toad
 15012 | Lair:2   | Found a hole to the Spider Nest.
 15171 | Lair:2   | Killed a black mamba
 15445 | Lair:3   | Noticed a death yak
 15445 | Lair:3   | Noticed a death yak
 15641 | Lair:3   | Noticed a six-headed hydra
 15682 | Lair:3   | Killed a six-headed hydra
 15683 | Lair:3   | Reached XP level 11. HP: 48/48 MP: 9/27
 15689 | Lair:3   | Reached skill level 5 in Hexes
 16031 | Lair:3   | Noticed a death yak
 16163 | Lair:3   | Reached skill level 12 in Spellcasting
 16218 | Lair:3   | Noticed a death yak
 16224 | Lair:3   | Killed a death yak
 16225 | Lair:3   | Killed a death yak
 16226 | Lair:3   | Reached skill level 1 in Translocations
 16227 | Lair:3   | Killed a death yak
 16238 | Lair:3   | Killed a death yak
 16384 | Lair:3   | Reached skill level 5 in Air Magic
 16672 | Lair:3   | Reached skill level 13 in Spellcasting
 16799 | Lair:3   | Found a staircase to the Shoals.
 17842 | Lair:4   | Noticed a five-headed hydra
 17860 | Lair:4   | Killed a five-headed hydra
 17861 | Lair:4   | Gained mutation: Your thick and shaggy fur keeps you warm.
                  | (AC +3, rC+) [Felid growth]
 17861 | Lair:4   | Reached XP level 12. HP: 54/54 MP: 14/30
 19437 | Lair:5   | Reached skill level 14 in Spellcasting
 20697 | Lair:6   | Entered Level 6 of the Lair of Beasts
 20903 | D:10     | Entered Level 10 of the Dungeon
 20906 | D:10     | Found Daxkig's General Store.
 21202 | D:10     | Noticed Fannar
 21230 | D:10     | Killed Fannar
 21777 | D:10     | Found Nyfeuf's Weapon Emporium.
 21800 | D:10     | Found Pimpygaq's Weapon Boutique.
 21830 | D:10     | Found Ruank's Assorted Antiques.
 21838 | D:10     | Bought a scroll labelled ZEMADE QUOMED for 31 gold pieces
 21838 | D:10     | Bought a black potion for 27 gold pieces
 21942 | D:10     | Noticed Urug
 22039 | D:10     | Killed Urug
 22040 | D:10     | Reached skill level 15 in Spellcasting
 22315 | D:10     | Acquired 734 gold pieces
 22317 | D:10     | Acquired 901 gold pieces
 22358 | D:10     | Bought a scroll of fear for 35 gold pieces
 22358 | D:10     | Bought a potion of heal wounds for 50 gold pieces
 22358 | D:10     | Bought Cigotuvi's Grimoire of Unstable Evil for 300 gold
                  | pieces
 22415 | D:11     | Noticed Snorg
 22691 | D:11     | Found a staircase to the Orcish Mines.
 22731 | D:11     | Killed Snorg
 22851 | D:11     | Found a runed translucent door.
 22854 | D:11     | Noticed McGhostyFace's ghost (journeyman GnWz)
 22885 | D:11     | Found Poitakhle's Assorted Antiques.
 22888 | D:11     | Noticed an eight-headed hydra
 22899 | D:11     | Killed an eight-headed hydra
 22900 | D:11     | Reached skill level 1 in Transmutations
 23376 | D:11     | Noticed Josephine
 23384 | D:11     | Killed Josephine
 23385 | D:11     | Reached XP level 13. HP: 58/58 MP: 3/33
 23918 | D:11     | Found a portal to a secret trove of treasure.
 24131 | Orc:1    | Entered Level 1 of the Orcish Mines
 24146 | Orc:1    | Noticed Sonja
 26077 | Lair:6   | Found a viscous altar of Jiyva.
 26077 | Lair:6   | Found a staircase to the Slime Pits.
 26848 | Lair:6   | Reached skill level 16 in Spellcasting
 27849 | Lair:6   | Reached XP level 14. HP: 50/63 MP: 12/35
 29003 | Lair:6   | Identified the +10 bardiche of Valiance {vorpal, rF+ Str+5
                  | Int-3 Dex+3}
 29005 | Lair:6   | Found a corrupted altar of Lugonu.
 29152 | Lair:6   | Bought the Volume of Aerial Attacks for 874 gold pieces
 29162 | Lair:6   | Learned a level 7 spell: Storm Form
 29168 | Lair:6   | Learned a level 5 spell: Manifold Assault
 29534 | D:12     | Noticed Kirke
 29539 | D:12     | Killed Kirke
 29711 | D:12     | Reached skill level 10 in Air Magic
 30004 | D:12     | Reached skill level 17 in Spellcasting
 30180 | D:12     | Reached skill level 5 in Transmutations
 30632 | D:12     | Noticed Nergalle
 30642 | D:12     | Killed Nergalle
 30799 | D:12     | Found a snail-covered altar of Cheibriados.
 31004 | Lair:6   | Bought a manual of Air Magic for 1520 gold pieces
 31413 | Orc:1    | Killed Sonja
 31885 | Orc:2    | Entered Level 2 of the Orcish Mines
 31885 | Orc:2    | Found a gate leading to a gauntlet.
 32007 | Gauntlet | Entered a Gauntlet
 32007 | Gauntlet | Found a transporter.
 32014 | Gauntlet | Found a runed translucent door.
 32015 | Gauntlet | Noticed a quicksilver ooze
 32016 | Gauntlet | Found a transporter.
 32018 | Gauntlet | Found a runed translucent door.
 32028 | Gauntlet | Found a transporter.
 32032 | Gauntlet | Found a transporter.
 32042 | Gauntlet | Found a transporter.
 32062 | Gauntlet | Found a transporter.
 32075 | Gauntlet | Found a transporter.
 32097 | Gauntlet | Found a transporter.
 32099 | Gauntlet | Found a transporter.
 32107 | Gauntlet | Found a transporter.
 32137 | Gauntlet | Found a transporter.
 32137 | Gauntlet | Found a transporter.
 32307 | Gauntlet | Identified the ring "Athafoeq" {Will+ Int+3 Dex+6}
 32518 | Gauntlet | Identified the ring of Vuuno {Ice Fly rN+ Will+ Dex+2}
 33061 | Orc:2    | Noticed an orc warlord
 33239 | Orc:2    | Killed an orc warlord
 33599 | Orc:2    | Found Buobos Luo's Antique Armour Emporium.
 33949 | Orc:2    | Found Buibraf's General Store.
 34116 | Orc:2    | Bought the ring of Sofipre {rF+ rC+ Dex+4} for 711 gold
                  | pieces
 34131 | Orc:2    | Found Obbuy's Book Boutique.
 34264 | Orc:2    | Found Apnalilo's General Store.
 34506 | Orc:2    | Found Xownewk's Antique Weapon Emporium.
 34914 | Orc:2    | Found a staircase to the Elven Halls.
 35191 | Orc:1    | Found a runed translucent gate.
 35191 | Orc:1    | Found a runed translucent gate.
 35191 | Orc:1    | Found a runed translucent gate.
 35197 | Orc:1    | Noticed an orc warlord
 35197 | Orc:1    | Noticed Pooter's ghost (novice MiBe)
 35376 | Orc:1    | Found an iron altar of Okawaru.
 35545 | D:13     | Found a snail-covered altar of Cheibriados.
 35547 | D:13     | Found Cheibriados's Comfort Zone.
 36368 | D:13     | Found a gate to the Vaults.
 36400 | D:13     | Reached skill level 5 in Stealth
 36419 | D:13     | Reached XP level 15. HP: 48/67 MP: 12/37
 37455 | D:13     | Identified the ring of Putobonn {rN++ Will+}
 38146 | D:13     | Identified the ring of Huypou {rN+ Slay+4}
 38637 | D:10     | Bought a manual of Unarmed Combat for 1040 gold pieces
 39207 | D:13     | Identified the ring "Goevez" {Wiz rF+ Will+ Str+4 Dex-2}
 39214 | D:13     | Identified the ring of Dunaheuh {rPois Will+ SInv}
 39753 | Lair:6   | Fell from the grace of Gozag
 39753 | Lair:6   | Became a worshipper of Jiyva Juzaocw the Shapeless
 40339 | Lair:2   | Identified the +0 robe "Uhowow Oqea" {rElec Regen+ Int-5
                  | Archmagi}
 40422 | Spider:1 | Entered Level 1 of the Spider Nest
 40443 | Spider:1 | Slain by a boulder beetle
 40444 | Spider:1 | Reached XP level 14. HP: -1/65 MP: 26/36
 41169 | Spider:1 | Killed from afar by a meliai
 41170 | Spider:1 | Reached XP level 13. HP: -6/61 MP: 27/35
 41219 | Spider:1 | HP: 1/59 [meliai/divine providence (10)]
 42013 | Spider:1 | Reached * piety under Jiyva
 42516 | Lair:2   | Reached skill level 1 in Unarmed Combat
 42619 | Lair:2   | Killed dolemite99's ghost
 42620 | Lair:2   | Reached skill level 18 in Spellcasting
 42802 | D:14     | Shot with an arrow by a centaur warrior

Illustrated notes

Levels and vault maps discovered:
D:1:      amcnicky_arrival_flooded_fountain, layout_rooms,
          chequers_ecumenical_altar_island, minivault_5, minivault_24
D:2:      layout_rooms, basic_altar, minmay_crystal_water
D:3:      layout_rooms, serial_shops, shop, nrook_uturn,
          mrwooster_statue_mirror, supply_closet_lemuel
D:4:      layout_rooms, minmay_temple_entry_arrows, minmay_misc_feat_rows
D:5:      layout_gridville
D:6:      kennysheep_six_static_rooms, layout_loops_corners,
          yredelemnul_forgotten_temple_becter
D:7:      layout_loops_cross, nicolae_shop_firing_range
D:8:      layout_cave_pools, serial_shops, nicolae_shop_crystal,
          nrook_mini_vaults
D:9:      layout_loops_ring, dpeg_oklobed_lair, serial_shops,
          nicolae_shop_trees, nicolae_shop_behind_doors,
          nicolae_shop_hallway_stairs
D:10:     layout_loops_ring, serial_shops, shop, nicolae_shop_stone,
          nicolae_shop_stone, nicolae_shop_behind_doors, item_on_display_a,
          uniq_fannar, uniq_urug
D:11:     layout_basic, orc_0_dummy, gammafunk_ghost_grave,
          nicolae_trove_entry_columns, serial_shops, nicolae_take_the_stairs,
          uniq_snorg, uniq_josephine
D:12:     layout_cave_pools, kennysheep_slug_shrine, uniq_nergalle, uniq_kirke
D:13:     minmay_the_grid_triangle_9x9_line_8_mashed
          [minmay_the_grid_triangle_9x9_stretched_checkered,
          minmay_the_grid_triangle_9x9_descending_squares,
          minmay_the_grid_triangle_9x9_longest,
          minmay_the_grid_triangle_9x9_skeleton,
          minmay_the_grid_triangle_9x9_dagger,
          minmay_the_grid_triangle_9x9_thin_v,
          minmay_the_grid_triangle_9x9_shrine,
          minmay_the_grid_triangle_9x9_prize_special], layout_layer_cave,
          erik_vaults_2, minmay_shop_chei
D:14:     layout_irregular_city, minmay_misc_feat_more_columns,
          biasface_ghost_orc_armoury, xom_confusion_cloud
Temple:   dpeg_three_leaves_temple
Lair:1:   layout_layer_cave, gammafunk_ghost_abyssal_escape, basic_altar,
          serial_bayou_shore_a, infiniplex_staircase_pool_2
Lair:2:   layout_hall_layers, spider_nest_entry_web_field,
          hellmonk_ghost_happy_afterlife, grunt_forest_stairs_basic,
          serial_bayou_pond_e, lemuel_fruit_tree, serial_bayou_shore_b
Lair:3:   layout_roguey, elwin_shoals_entry_stream
Lair:4:   layout_loops_ring, minivault_25, serial_bayou_pond_b,
          serial_bayou_pond_c, grunt_megastairs_2
Lair:5:   layout_roguey, infiniplex_staircase_pool
Lair:6:   hellmonk_lair_end_abyssal_woods, layout_big_grid, slime_altar_1
Spider:1: layout_cave_pods
Orc:1:    layout_diamond_mine, gammafunk_ghost_fury_of_okawaru, uniq_sonja
Orc:2:    grunt_orc_gardens, layout_caves, grunt_orc_garden, grunt_orc_garden,
          grunt_orc_garden, grunt_orc_garden, serial_shops, shop_statue,
          basic_altar, gauntlet_entry_generic, statue_in_the_mist_lemuel

Skill      XL: |  1  2  3  4  5  6  7  8  9 10 11 12 13 14 15 |
---------------+----------------------------------------------+-----
Spellcasting   | 3 4 5 7 8 10 11 13 15 18 17 | 18.0
Fighting       | 1 2 3 4 5 6 7 8 9 |  9.8
Summonings     | 5 6 7 8 |  8.2
Dodging        | 3 4 |  4.6
Stealth        | 3 4 5 |  5.0
Air Magic      | 1 2 3 4 5 7 9 12 13 | 13.3
Hexes          | 3 4 6 |  6.3
Translocations | 2 3 4 |  4.7
Transmutations | 1 4 7 8 |  8.2
Unarmed Combat | 1 |  1.1

Action                   |  1- 3 |  4- 6 |  7- 9 | 10-12 | 13-15 || total
-------------------------+-------+-------+-------+-------+-------++-------
Melee: Unarmed           |     1 |       |    25 |     1 |    18 ||    45
       Bite              |       |       |     6 |       |       ||     6
 Cast: Summon Small Mamm |    83 |    76 |    67 |     4 |     2 ||   232
       Call Imp          |    13 |    47 |    64 |    12 |     6 ||   142
       Call Canine Famil |       |    27 |    79 |    49 |    75 ||   230
       Summon Guardian G |       |       |    29 |    79 |   133 ||   241
       Summon Lightning  |       |       |       |    76 |   168 ||   244
       Blink             |       |       |       |     5 |    15 ||    20
       Airstrike         |       |       |       |    48 |   265 ||   313
       Passwall          |       |       |       |     3 |     1 ||     4
       Swiftness         |       |       |       |     2 |     6 ||     8
       Storm Form        |       |       |       |       |    15 ||    15
       Manifold Assault  |       |       |       |       |    11 ||    11
Invok: Call Merchant     |       |       |     1 |     2 |     1 ||     4
       Potion Petition   |       |       |       |     1 |       ||     1
 Abil: Blinkbolt         |       |       |       |       |     6 ||     6
  Use: Potion            |       |     1 |     2 |       |     9 ||    12
       Scroll            |       |       |    18 |     7 |    11 ||    36
Armor: Skin              |     8 |     4 |     3 |     4 |    27 ||    46
Dodge: Dodged            |    40 |    69 |    84 |    43 |   359 ||   595

Table legend: (Time is in decaauts)
 A = Elapsed time spent in this place.
 B = Non-inter-level travel time spent in this place.
 C = Inter-level travel time spent in this place.
 D = Time resting spent in this place.
 E = Time spent auto-exploring this place.
 F = Levels seen in this place.
 G = Mean time per level.
                   A        B        C        D        E       F      G
               +--------+--------+--------+--------+--------+-----+--------+
         Total |  38848 |  35982 |   2866 |  11978 |  15886 |  25 | 1553.9 |
       Dungeon |  21220 |  19662 |   1558 |   6298 |   8735 |  14 | 1515.7 |
        Temple |     10 |     10 |      0 |      0 |      0 |   1 |   10.0 |
          Lair |  12122 |  10883 |   1239 |   3381 |   5324 |   6 | 2020.3 |
   Spider Nest |   1865 |   1862 |      3 |    831 |    612 |   1 | 1865.0 |
  Orcish Mines |   3131 |   3066 |     65 |   1287 |   1100 |   2 | 1565.5 |
      Gauntlet |    499 |    499 |      0 |    180 |    113 |   1 |  499.0 |
               +--------+--------+--------+--------+--------+-----+--------+

Top non-repeatable levels by time:
  Lair:6: 3475 daAuts
    D:13: 3433 daAuts
     D:6: 3064 daAuts
    D:11: 2630 daAuts
  Lair:5: 2206 daAuts
  Lair:3: 2103 daAuts
   Orc:2: 2102 daAuts
Spider:1: 1865 daAuts
     D:5: 1596 daAuts
  Lair:4: 1475 daAuts
    D:10: 1465 daAuts
  Lair:1: 1447 daAuts
  Lair:2: 1414 daAuts
     D:7: 1343 daAuts
    D:12: 1305 daAuts
